 Dungeon Crawl Stone Soup version 0.29-a0-902-g0f71de6fce (webtiles) character file.

Game seed: 14690882707849858632

186 kae the Insei (level 5, -7/41 HPs)
             Began as a Demonspawn Monk on July 24, 2022.
             Mangled by an ogre
             ... wielding a +0 giant club
              (21 damage)
             ... on level 4 of the Dungeon.
             The game lasted 00:04:26 (3781 turns).

kae the Insei (Demonspawn Monk)                     Turns: 3781, Time: 00:04:27

Health: -7/41      AC: 10    Str: 11    XL:     5   Next: 38%
Magic:  5/5        EV:  5    Int: 11    God:
Gold:   128        SH:  0    Dex: 18    Spells: 4/4 levels left

rFire   . . .      SeeInvis .   f - +1 dagger (venom)
rCold   . . .      Faith    .   (no shield)
rNeg    . . .      Spirit   .   e - +0 chain mail
rPois   .          Reflect  .   (helmet restricted)
rElec   .          Harm     .   (no cloak)
rCorr   .          Rampage  .   (no gloves)
Will    .....                   (no boots)
Stlth   ..........              (no amulet)
HPRegen 0.13/turn               (no ring)
MPRegen 0.09/turn               (no ring)

@: studying Axes
A: horns 1, slimy green scales 1, demonic guardian 1, foul stench 1
a: no special abilities


You were on level 4 of the Dungeon.
You visited 1 branch of the dungeon, and saw 4 of its levels.

You collected 128 gold pieces.


Innate Abilities, Weirdness & Mutations

You have a pair of small horns on your head.
You are partially covered in slimy green scales. (AC +2)
A weak demonic guardian rushes to your aid.
You may rarely emit foul miasma when damaged in melee.


   Skills:
 - Level 3.0 Fighting
 - Level 2.6 Dodging
 - Level 1.7 Stealth
 + Level 5.6 Unarmed Combat


You had 4 spell levels left.
You didn't know any spells.
Your spell library contained the following spells:

 Spells                   Type           Power      Damage    Failure   Level
 Freeze                   Ice            0%         1d3       100%        1
 Ensorcelled Hibernation  Hex/Ice        0%         N/A       100%        2
 Spider Form              Tmut/Pois      0%         N/A       100%        3
 Anguish                  Hex/Necr       0%         N/A       100%        4
 Summon Ice Beast         Ice/Summ       0%         N/A       100%        4
 Borgnjor's Vile Clutch   Necr/Erth      0%         N/A       100%        5
 Shatter                  Erth           0%         3d5*      100%        9

Inventory:

Hand Weapons
 c - a +0 dagger
   (You took it off a goblin on level 1 of the Dungeon)
 f - a +1 dagger of venom (weapon)
   (You took it off a goblin on level 2 of the Dungeon)
Missiles
 h - 21 stones (quivered)
 j - 4 silver javelins
 n - 5 poisoned darts
 u - 4 javelins
Armour
 a - a +0 robe
 e - a +0 chain mail (worn)
   (You found it on level 1 of the Dungeon)
 g - a +0 ring mail
   (You took it off an orc on level 2 of the Dungeon)
 i - a +0 pair of boots
   (You found it on level 2 of the Dungeon)
 k - a +0 scale mail
   (You found it on level 2 of the Dungeon)
 l - a +0 pair of boots
   (You found it on level 2 of the Dungeon)
 q - a +0 robe
   (You took it off an orc wizard on level 3 of the Dungeon)
 s - a +0 robe
   (You took it off Jessica on level 3 of the Dungeon)
 v - a +0 robe
   (You found it on level 3 of the Dungeon)
 x - a +0 leather armour
   (You found it on level 3 of the Dungeon)
 y - a +0 leather armour
   (You found it on level 3 of the Dungeon)
 B - a +0 scale mail
   (You took it off an orc on level 3 of the Dungeon)
 D - a +0 leather armour
   (You took it off an orc on level 3 of the Dungeon)
 F - a +0 leather armour
   (You found it on level 4 of the Dungeon)
Jewellery
 E - a +4 ring of evasion
   (You found it on level 2 of the Dungeon)
 I - a +6 ring of intelligence
   (You found it on level 3 of the Dungeon)
Scrolls
 r - a scroll of butterflies {unknown}
 t - a scroll of enchant weapon {unknown}
 w - 2 scrolls of identify {@r1}
 C - a scroll of silence {unknown}
 G - a scroll of teleportation {@r4}
 J - a scroll of immolation {unknown}
Potions
 b - a potion of ambrosia
 d - a potion of invisibility
 m - a potion of resistance {unknown}
 o - a potion of cancellation {unknown}
 p - 2 potions of lignification {unknown}
 z - a potion of degeneration {unknown}
 A - a potion of berserk rage {unknown}
 H - a potion of curing {unknown}

Dungeon Overview and Level Annotations

Branches:
Dungeon (4/15) Zot: 20216
 Temple: D:4-7

Altars:
Kikubaaqudgha

Annotations:
D:3 Sigmund

........... ............ ##.
#........... ...
#..........# ##.###
#.........##.....##
#.........#.......#
#.........#.......#
#..........@O._....
#.........#..5....#
#.........#.......#
#.........##.....##
#.........####.### ..#....
##................ ........#
#.............. .###.......#
#...........#######.........
#......#.#.#.#.###..........


You could see an ogre (extremely poisoned, ally target) and a friendly ufetubus
(summoned).


Message History

You hit the orc.
The orc is poisoned.
The orc hits you but does no damage.
You hit the orc.
The orc looks even sicker.
Your punch misses the orc. The orc barely misses you.
You barely miss the orc. The orc barely misses you.
You barely miss the orc. Your headbutt misses the orc.
The orc hits you with a +0 trident. 😕 HP[-6]
You take 6 damage, and now have 35/41 hp.
You hit the orc.
You kill the orc!
You closely miss the orc. You punch the orc.
The orc hits you but does no damage.
You hit the orc but do no damage. The orc hits you but does no damage.
You barely miss the orc. Your headbutt misses the orc.
The orc hits you but does no damage.
You hit the orc but do no damage.
The orc is poisoned.
You headbutt the orc, but do no damage. The orc hits you but does no damage.
You closely miss the orc. Your headbutt misses the orc.
The orc barely misses you. 😕 HP[+1]
You hit the orc but do no damage.
The orc looks even sicker.
You kill the orc!
No target in view!
D - a +0 leather armour
Items here: )) ††.
Sigmund the Dreaded comes into view.
He is wielding a +0 scythe.
Sigmund shouts!
Sigmund gestures at you while chanting. You resist with some effort. 😎 HP[+5]
Your hp is fully restored (41).
Unknown command.
There is a stone staircase leading down here.
You climb downwards.
Found a leather armour and 8 gold pieces.
Found a stone staircase leading down.
There is a stone staircase leading up here.
You now have 128 gold pieces (gained 8).
A worm and an orc come into view.
The orc shouts!
The orc moves out of view.
A worm is nearby!
A worm is nearby!
You see here a +0 leather armour.
The orc barely misses you.
You hit the worm.
The worm is poisoned.
You headbutt the worm! The orc hits you but does no damage.
You hit the worm.
The worm looks as sick as possible!
The orc hits you but does no damage. The worm barely misses you.
You barely miss the worm. The orc hits you but does no damage.
You hit the worm.
You kill the worm!
The orc hits you with a +0 mace.
You closely miss the orc. Your headbutt misses the orc.
The orc hits you with a +0 mace. 😕 HP[-9]
You take 9 damage, and now have 32/41 hp.
MASSIVE DAMAGE!! (PAUSE)
You hit the orc.
The orc is poisoned.
Your headbutt misses the orc. The orc hits you but does no damage.
You hit the orc.
The orc looks even sicker.
Your headbutt misses the orc.
The orc hits you with a +0 mace. 😕 HP[-1]
You take 1 damage, and now have 31/41 hp.
You completely miss the orc. Your headbutt misses the orc.
Your punch misses the orc.
You kill the orc!
No target in view!
No target in view!
No target in view!
F - a +0 leather armour You see here a +0 mace.
G - a scroll of teleportation {@r4} 😎 HP[+10]
Your hp is fully restored (41).
H - a puce potion
J - a scroll labelled MOCOLA VIRUANUXI You pick up a manual of Axes {!d} and begin studying.
Found an ancient bone altar of Kikubaaqudgha.
An ogre comes into view. It is wielding a +0 giant club.
An ogre is nearby!
An ogre is nearby!
An ogre is nearby!
You hit the ogre.
The ogre is poisoned.
You headbutt the ogre.
The ogre hits you with a +0 giant club!!
Ouch! That really hurt!
* * * LOW HITPOINT WARNING * * *
A demonic guardian appears!
You are too injured to fight recklessly! 😨 HP[-27]
You take 27 damage, and now have 14/41 hp.
MASSIVE DAMAGE!! (PAUSE) Unknown command.
You hit the ogre.
The ogre looks as sick as possible!
You headbutt the ogre, but do no damage.
Your ufetubus hits the ogre.
Your ufetubus completely misses the ogre.
The ogre hits you with a +0 giant club!!
Ouch! That really hurt!
You die...

Skill      XL: |  1  2  3  4 |
---------------+-------------+-----
Unarmed Combat | 3 4 5 |  5.6
Fighting       | |  3.0
Dodging        | |  2.6
Stealth        | |  1.7

Action                   |  1- 3 |  4- 6 || total
-------------------------+-------+-------++-------
Melee: Dagger            |   143 |    61 ||   204
       Unarmed           |    16 |       ||    16
       Punch             |     3 |     1 ||     4
       Headbutt          |     6 |    13 ||    19
  Use: Scroll            |     4 |       ||     4
 Stab: Sleeping          |     1 |       ||     1
       Distracted        |       |     1 ||     1
Armor: Robe              |     6 |       ||     6
       Chain mail        |    92 |    31 ||   123
Dodge: Dodged            |    52 |    13 ||    65

Levels and vault maps discovered:
D:1:      lightli_arrival_quake, layout_basic, chequers_ecumenical_altar_lobes
D:2:      layout_rooms
D:3:      layout_basic, serial_curves, eino_curves_03, eino_curves_02,
          uniq_jessica, uniq_natasha, uniq_sigmund
D:4:      layout_layer_cave, mainiacjoe_overflow_surrounded_room,
          old_standard_altar, st_stairs_4, chequers_jeans,
          kennysheep_generic_room_8

Notes
Turn   | Place    | Note
-------+----------+-------------------------------------------
     0 | D:1      | kae the Demonspawn Monk began the quest for the Orb.
     0 | D:1      | Reached XP level 1. HP: 18/18 MP: 1/1
     0 | D:1      | magus.rc [v1.11.3]
    72 | D:1      | Reached skill level 3 in Unarmed Combat
   589 | D:1      | Gained mutation: A weak demonic guardian rushes to your
                  | aid. [demonic ancestry]
   589 | D:1      | Reached XP level 2. HP: 20/24 MP: 2/2
   837 | D:1      | Found a faded altar of an unknown god.
  1597 | D:2      | Reached skill level 4 in Unarmed Combat
  1597 | D:2      | Gained mutation: You have a pair of small horns on your
                  | head. [demonic ancestry]
  1597 | D:2      | Reached XP level 3. HP: 10/29 MP: 3/3
  1601 | D:2      | You pick up a book of Dreams and begin reading...
  1601 | D:2      | You add the spells Ensorcelled Hibernation, Spider Form and
                  | Anguish to your library.
  1858 | D:2      | You add the spells Freeze, Summon Ice Beast, Borgnjor's
                  | Vile Clutch and Shatter to your library.
  1858 | D:2      | Got the Guidebook on Shivering Terrain
  2186 | D:2      | HP: 7/29 [orc/+0 dagger (3)]
  2187 | D:2      | HP: 2/29 [frozen (2)]
  2663 | D:3      | Gained mutation: You may rarely emit foul miasma when
                  | damaged in melee. [demonic ancestry]
  2663 | D:3      | Reached XP level 4. HP: 29/35 MP: 4/4
  2861 | D:3      | Noticed Jessica
  2874 | D:3      | Killed Jessica
  2875 | D:3      | Reached skill level 5 in Unarmed Combat
  3149 | D:3      | Noticed Natasha
  3160 | D:3      | Killed Natasha
  3161 | D:3      | Gained mutation: You are partially covered in slimy green
                  | scales. (AC +2) [demonic ancestry]
  3161 | D:3      | Reached XP level 5. HP: 26/41 MP: 5/5
  3325 | D:3      | You fall into a shaft and drop 1 floor!
  3455 | D:3      | Noticed Natasha
  3461 | D:3      | Killed Natasha
  3660 | D:3      | Noticed Sigmund
  3774 | D:4      | Found an ancient bone altar of Kikubaaqudgha.
  3776 | D:4      | Noticed an ogre
  3781 | D:4      | Mangled by an ogre

Vanquished Creatures
  Jessica (D:3)
  Natasha (twice) (D:3)
  An orc wizard (D:3)
  An adder (D:2)
  2 worms
  A dart slug (D:1)
  11 orcs
  3 endoplasms
  6 giant cockroaches
  7 goblins
  4 hobgoblins
  A kobold (D:4)
  3 quokkas
  4 ball pythons
  5 bats
52 creatures vanquished.

Vanquished Creatures (collateral kills)
  A dart slug (D:3)
  An endoplasm (D:1)
2 creatures vanquished.

Grand Total: 54 creatures vanquished

Table legend:
 A = Non-vault XP
 B = Vault XP
 C = Vault XP percentage of total XP
 D = Non-vault monster count
 E = Vault monster count
 F = Vault count percentage of total count
                 A         B        C        D         E       F
            +---------+---------+-------+---------+---------+-------
      Total |     186 |      80 |  30.1 |      50 |       4 |   7.4
            +---------+---------+-------+---------+---------+-------
        D:1 |      33 |       0 |   0.0 |      18 |       0 |   0.0
        D:2 |      43 |       0 |   0.0 |      15 |       0 |   0.0
        D:3 |     103 |      72 |  41.1 |      14 |       2 |  12.5
        D:4 |       7 |       8 |  53.3 |       3 |       2 |  40.0
            +---------+---------+-------+---------+---------+-------

Illustrated notes

Table legend:
 A = Kills in this place as a percentage of kills in entire the game.
 B = Kills by you in this place as a percentage of kills by you in the entire game.
 C = Kills by friends in this place as a percentage of kills by friends in the entire game.
 D = Other kills in this place as a percentage of other kills in the entire game.
 E = Experience gained in this place as a percentage of experience gained in the entire game.
 F = Experience gained in this place divided by the number of levels of this place that you have seen.
                   A       B       C       D       E      F
               +-------+-------+-------+-------+-------+----------------------
         Total | 100.0 | 100.0 | 100.0 |   N/A | 100.0 |  66.5
       Dungeon | 100.0 | 100.0 | 100.0 |   N/A | 100.0 |  66.5
               +-------+-------+-------+-------+-------+----------------------

Table legend: (Time is in decaauts)
 A = Elapsed time spent in this place.
 B = Non-inter-level travel time spent in this place.
 C = Inter-level travel time spent in this place.
 D = Time resting spent in this place.
 E = Time spent auto-exploring this place.
 F = Levels seen in this place.
 G = Mean time per level.
                   A        B        C        D        E       F      G
               +--------+--------+--------+--------+--------+-----+--------+
         Total |   3782 |   3708 |     74 |    622 |   2575 |   4 |  945.5 |
       Dungeon |   3782 |   3708 |     74 |    622 |   2575 |   4 |  945.5 |
               +--------+--------+--------+--------+--------+-----+--------+

Top non-repeatable levels by time:
     D:1: 1543 daAuts
     D:2: 1097 daAuts
     D:3: 923 daAuts
     D:4: 218 daAuts
